 Dungeon Crawl Stone Soup version 0.28-a0-268-g3f656e82c2 (webtiles) character file.

Game seed: 4439863034405970657

1724 theanonym the Cudgeller (level 8, -25/65 HPs)
             Began as a Mummy Delver on Aug 29, 2021.
             Was an Elder of Yredelemnul.
             Killed from afar by Maggie (42 damage)
             ... with a bolt of fire
             ... on level 6 of the Dungeon.
             The game lasted 00:11:21 (7467 turns).

theanonym the Cudgeller (Mummy Delver)              Turns: 7467, Time: 00:11:21

Health: -25/65     AC: 14    Str: 18    XL:     8   Next: 75%
Magic:  11/11      EV:  7    Int:  9    God:    Yredelemnul [****..]
Gold:   786        SH:  4    Dex: 13    Spells: 7/7 levels left

rFire   x . .      SeeInvis .   a - +1 mace
rCold   + . .      Faith    +   b - +0 buckler
rNeg    + + +      Spirit   .   d - +0 chain mail
rPois   ∞          Reflect  .   l - +0 helmet
rElec   .          Harm     .   k - +0 cloak
rCorr   .          Rampage  .   (no gloves)
Will    +....                   (no boots)
Stlth   ..........              g - amulet of faith
HPRegen 0.20/turn               j - +4 ring of protection
MPRegen 0.12/turn               (no ring)

@: about to teleport, mesmerised
A: cold resistance 1, negative energy resistance 3, torment resistance 2, heat
vulnerability 1, no potions
a: Renounce Religion, Recall Undead Slaves, Injury Mirror, Animate Dead, Drain
Life


Innate Abilities, Weirdness & Mutations

You are immune to poison.
Your flesh is cold resistant. (rC+)
You are immune to negative energy. (rN+++)
You are immune to unholy pain and torment.
You are vulnerable to heat. (rF-)
You do not drink.


   Skills:
 + Level 6.3 Fighting
 * Level 6.7 Maces & Flails
 - Level 1.5 Dodging
 - Level 4.1 Stealth
 + Level 2.0 Shields
 + Level 4.4 Invocations


You had 7 spell levels left.
You didn't know any spells.
Your spell library contained the following spells:

 Spells                   Type           Power      Damage    Failure   Level
 Freeze                   Ice            0%         1d3       100%        1
 Passwall                 Tmut/Erth      0%         N/A       100%        2
 Frozen Ramparts          Ice            0%         1d2       100%        3
 Gell's Gravitas          Tloc           0%         N/A       100%        3
 Lesser Beckoning         Tloc           0%         N/A       100%        3
 Swiftness                Air            0%         N/A       100%        3
 Teleport Other           Tloc           0%         N/A       100%        3
 Hailstorm                Conj/Ice       0%         3d3       100%        4
 Invisibility             Hex            0%         N/A       100%        6

Skill      XL: |  1  2  3  4  5  6  7  8 |
---------------+-------------------------+-----
Maces & Flails | 2 3 4 5 6 |  6.7
Fighting       | 4 5 6 |  6.3
Invocations    | 1 2 3 4 |  4.4
Shields        | 2 |  2.0
Dodging        | |  1.5
Stealth        | |  4.1

Action                   |  1- 3 |  4- 6 |  7- 9 || total
-------------------------+-------+-------+-------++-------
Melee: Mace              |    62 |   213 |   177 ||   452
Invok: Animate Remains   |     3 |    13 |       ||    16
       Animate Dead      |       |    12 |    11 ||    23
       Recall Undead Sla |       |     1 |       ||     1
  Use: Scroll            |     1 |     7 |     4 ||    12
 Stab: Sleeping          |     6 |     6 |       ||    12
       Distracted        |       |     1 |     1 ||     2
Armor: Leather armour    |    17 |       |       ||    17
       Ring mail         |     2 |    73 |       ||    75
       Chain mail        |       |    33 |   146 ||   179
Dodge: Dodged            |    36 |   131 |    67 ||   234
       Repelled          |       |     2 |       ||     2
Block: Buckler           |       |       |    20 ||    20

Inventory:

Hand Weapons
 a - a +1 mace (weapon)
Armour
 b - a +0 buckler (worn)
 d - a +0 chain mail (worn)
 k - a +0 cloak (worn)
 l - a +0 helmet (worn)
Jewellery
 g - an amulet of faith (around neck)
 j - a +4 ring of protection (left hand)
Wands
 c - a wand of digging (3)
 e - a wand of polymorph (6)
 w - a wand of flame (4)
Scrolls
 f - a scroll of fog
 m - 4 scrolls of immolation
 o - 3 scrolls of noise
 y - 2 scrolls of magic mapping
 B - a scroll of blinking


You were on level 6 of the Dungeon.
You worshipped Yredelemnul.
Yredelemnul was greatly pleased with you.
You visited 1 branch of the dungeon, and saw 6 of its levels.

You collected 786 gold pieces.

Dungeon Overview and Level Annotations

Branches:
Dungeon (6/15)
 Temple: D:4-7

Altars:
Uskayaw
Yredelemnul

Annotations:
D:6 2 transporters, Maggie; NigelTetley's ghost, novice DECj

######## #z#
#.#..# # # #.#
#.# #
##########.#z#
#
Zzz........#z#
#
.....#######z#
# .....# #z#
.....# #.#
.....#
#z###########
..####
#zzzz@@......
..#
#############
..# ..######
........
..######
###########
..zzz.....#
#########.#


You could see Maggie (mesmerising, ally target) and 5 friendly flying skulls.

Notes
Turn   | Place    | Note
-------+----------+-------------------------------------------
     0 | D:5      | theanonym the Mummy Delver began the quest for the Orb.
     0 | D:5      | Reached XP level 1. HP: 18/18 MP: 1/1
    69 | D:5      | Noticed a black bear
    89 | D:5      | HP: 9/18 [adder (4)]
    91 | D:5      | Reached skill level 2 in Maces & Flails
    91 | D:5      | Reached XP level 2. HP: 12/24 MP: 2/2
   294 | D:4      | HP: 10/24 [hound (3)]
   297 | D:4      | HP: 4/24 [hound (4)]
   300 | D:4      | Reached XP level 3. HP: 5/29 MP: 3/3
   692 | D:3      | Found a hide-covered altar of Uskayaw.
   874 | D:1      | Found a faded altar of an unknown god.
   898 | D:1      | Became a worshipper of Yredelemnul the Dark
   898 | D:1      | Reached * piety under Yredelemnul
   977 | D:1      | Reached skill level 3 in Maces & Flails
  1376 | D:1      | Reached XP level 4. HP: 31/37 MP: 4/4
  1488 | D:1      | Reached ** piety under Yredelemnul
  1844 | D:2      | Noticed Robin
  1895 | D:2      | HP: 13/37 [goblin[Robin] (10)]
  2207 | D:2      | Killed Robin
  2491 | D:3      | Identified a scroll of acquirement
  2492 | D:3      | Acquired 495 gold pieces
  2733 | D:3      | Reached skill level 4 in Fighting
  2733 | D:3      | Reached skill level 1 in Invocations
  2823 | D:3      | Reached *** piety under Yredelemnul
  2827 | D:3      | Reached XP level 5. HP: 38/42 MP: 5/5
  3163 | D:3      | Noticed Sigmund
  3180 | D:3      | HP: 15/42 [something (7)]
  3181 | D:3      | HP: 5/42 [something (10)]
  3202 | D:3      | Killed Sigmund
  3203 | D:3      | Reached skill level 4 in Maces & Flails
  3203 | D:3      | Reached XP level 6. HP: 9/49 MP: 5/7
  3480 | D:3      | Your ally Sigmund died
  3893 | D:4      | Reached skill level 2 in Invocations
  3946 | D:4      | Noticed Blork the orc
  3970 | D:4      | Killed Blork the orc
  4365 | D:4      | HP: 18/49 [orc priest/divine providence (15)]
  4366 | D:4      | HP: 1/49 [orc priest/divine providence (17)]
  4371 | D:4      | Reached **** piety under Yredelemnul
  4372 | D:4      | Received a gift from Yredelemnul (5 flying skulls)
  4722 | D:4      | Reached XP level 7. HP: 48/55 MP: 8/8
  4732 | D:4      | Reached skill level 5 in Fighting
  4732 | D:4      | Reached skill level 5 in Maces & Flails
  4742 | D:4      | Reached skill level 3 in Invocations
  5326 | D:5      | Reached XP level 8. HP: 39/63 MP: 10/10
  5713 | D:5      | HP: 28/63 [wyvern skeleton (6)]
  6028 | D:5      | Reached skill level 6 in Maces & Flails
  6513 | D:6      | Reached skill level 1 in Shields
  6597 | D:6      | Reached skill level 6 in Fighting
  6597 | D:6      | Reached skill level 4 in Invocations
  6745 | D:6      | Noticed Edmund
  6746 | D:6      | Noticed Eustachio
  6760 | D:6      | HP: 31/64 [Edmund/puff of flame (12)]
  6765 | D:6      | HP: 15/64 [Edmund/puff of flame (12)]
  6766 | D:6      | Killed Edmund
  6794 | D:6      | HP: 18/64 [Eustachio (3)]
  6796 | D:6      | Killed Eustachio
  7233 | D:6      | Noticed a queen bee
  7240 | D:6      | Noticed NigelTetley's ghost (novice DECj)
  7293 | D:6      | Found a transporter.
  7293 | D:6      | Found a transporter.
  7333 | D:6      | Noticed Dowan
  7333 | D:6      | Noticed Duvessa
  7339 | D:6      | Killed Dowan
  7342 | D:6      | Killed Duvessa
  7343 | D:6      | Received a gift from Yredelemnul (3 flying skulls)
  7343 | D:6      | Reached skill level 2 in Shields
  7447 | D:6      | Noticed Maggie
  7463 | D:6      | HP: 16/65 [Maggie/bolt of fire (19)]
  7467 | D:6      | Killed from afar by Maggie

Vanquished Creatures
  Eustachio (D:6)
  Edmund (D:6)
  2 black bears
  An ice beast (D:5)
  A necrophage (D:6)
  A centaur (D:4)
  3 scorpions
  2 wyvern skeletons
  A bullfrog zombie (D:5)
  2 centaur skeletons
  A hound (D:4)
  An iguana (D:5)
  A killer bee zombie (D:4)
  Robin (D:2)
  2 gnolls (D:5)
  5 adders
  A white imp (D:4)
  An ufetubus (D:5)
  An adder skeleton (D:5)
  A worm (D:3)
  A dart slug (D:1)
  9 orcs
  3 bats
  7 endoplasms
  A giant cockroach (D:4)
  3 hobgoblins (D:2)
  5 jackals (D:4)
  3 quokkas
  9 ball pythons
  8 frilled lizards
  10 goblins
  A jackal skeleton (D:4)
  6 kobolds
  6 rats
102 creatures vanquished.

Vanquished Creatures (collateral kills)
  Sigmund (D:3)
  Duvessa (D:6)
  A black bear (D:5)
  Blork the orc (D:4)
  A scorpion (D:6)
  Dowan (D:6)
  A hound (D:4)
  A jelly (D:5)
  An orc priest (D:4)
  A gnoll shaman (D:5)
  An iguana (D:6)
  An orc wizard (D:3)
  5 gnolls (D:5)
  An orc (D:3)
  An endoplasm (D:3)
  A giant cockroach (D:4)
  5 goblins
  A hobgoblin (D:2)
  2 jackals (D:5)
  A bat (D:2)
  2 frilled lizards (D:1)
  A rat (D:3)
  4 butterflies (D:2)
36 creatures vanquished.

Vanquished Creatures (others)
  A bat (D:3)
  A bat zombie (D:3)
  2 adder zombies (D:3)
  2 ball python zombies
  A gnoll zombie (D:5)
  A hobgoblin zombie (D:2)
  A human skeleton (D:3)
  2 jackal zombies (D:4)
  2 kobold zombies (D:3)
  2 orc zombies (D:3)
  A rat zombie (D:3)
  14 plants
30 creatures vanquished.

Grand Total: 168 creatures vanquished

Table legend: (Time is in decaauts)
 A = Elapsed time spent in this place.
 B = Non-inter-level travel time spent in this place.
 C = Inter-level travel time spent in this place.
 D = Time resting spent in this place.
 E = Time spent auto-exploring this place.
 F = Levels seen in this place.
 G = Mean time per level.
                   A        B        C        D        E       F      G
               +--------+--------+--------+--------+--------+-----+--------+
         Total |   7562 |   7372 |    190 |   2601 |   3429 |   6 | 1260.3 |
       Dungeon |   7562 |   7372 |    190 |   2601 |   3429 |   6 | 1260.3 |
               +--------+--------+--------+--------+--------+-----+--------+

Top non-repeatable levels by time:
     D:5: 1735 daAuts
     D:3: 1662 daAuts
     D:4: 1341 daAuts
     D:6: 1007 daAuts
     D:1: 948 daAuts
     D:2: 867 daAuts
